 Dungeon Crawl Stone Soup version 0.28-a0-1395-g4f6bc678fa (webtiles) character file.

Game seed: 10753161437276548490

297 fragbeetle the Ruffian (level 6, -5/50 HPs)
             Began as a Draconian Transmuter on Jan 5, 2022.
             Slain by a wraith (10 damage)
             ... in an ossuary.
             The game lasted 00:08:42 (4263 turns).

fragbeetle the Ruffian (Draconian Transmuter)       Turns: 4263, Time: 00:08:42

Health: -5/50      AC:  6    Str: 15    XL:     6   Next: 12%
Magic:  9/10       EV: 12    Int: 19    God:
Gold:   232        SH:  0    Dex: 11    Spells: 2/10 levels left

rFire   . . .      SeeInvis .     - Unarmed
rCold   . . .      Faith    .   (no shield)
rNeg    . . .      Spirit   .   (armour unavailable)
rPois   .          Reflect  .   (helmet currently unavailable)
rElec   .          Harm     .   (no cloak)
rCorr   .          Rampage  .   (no gloves)
Will    .....                   (boots currently unavailable)
Stlth   +.........              (no amulet)
HPRegen 0.16/turn               i - +6 ring of intelligence
MPRegen 0.12/turn               (no ring)

@: appendages, slowed, very slow
A: horns 2, talons 2, AC +6, unfitting armour, cold-blooded
a: End Transformation


You were in an ossuary.
You had temporarily grown beastly horns and talons.
You visited 1 branch of the dungeon, and saw 4 of its levels.
You also visited: Ossuary.

You collected 232 gold pieces.

Inventory:

Missiles
 a - 90 stones
 l - 2 throwing nets
 m - 6 javelins
Armour
 j - an orb of energy
Jewellery
 i - a +6 ring of intelligence (left hand)
Scrolls
 b - a scroll of blinking {unknown}
 c - a scroll of fog {unknown}
 d - 6 scrolls of identify {unknown}
 f - 2 scrolls of enchant armour {unknown}
 h - 2 scrolls of magic mapping {unknown}
 p - 3 scrolls of enchant weapon {unknown}
 q - a scroll of torment {unknown}
 s - 3 scrolls of teleportation {unknown}
Potions
 e - a potion of invisibility {unknown}
 g - a potion of flight {unknown}
 k - a potion of brilliance {unknown}
 n - a potion of curing {unknown}
 o - a potion of berserk rage {unknown}
 t - a potion of ambrosia {unknown}
 u - a potion of degeneration {unknown}


   Skills:
 + Level 2.5 Fighting
 + Level 2.5 Dodging
 * Level 4.3 Unarmed Combat
 + Level 2.7 Spellcasting
 + Level 3.6 Transmutations
 + Level 0.1 Ice Magic
 + Level 1.6 Poison Magic


You had 2 spell levels left.
You knew the following spells:

 Your Spells              Type           Power      Damage    Failure   Level
a - Beastly Appendage     Tmut           32%        N/A       3%          1
b - Spider Form           Tmut/Pois      12%        N/A       16%         3
c - Ice Form              Ice/Tmut       9%         N/A       56%         4

Your spell library contained the following spells:

 Spells                   Type           Power      Damage    Failure   Level
 Wereblood                Tmut           16%        N/A       5%          2
 Magic Dart               Conj           8%         1d3       16%         1
 Searing Ray              Conj           4%         2d4       24%         2
 Fulminant Prism          Conj/Hex       1%         3d6       83%         4


Dungeon Overview and Level Annotations

Branches:
Dungeon (4/15)            Ossuary (1/1)
 Temple: D:4-7

Altars:
Wu Jian


Innate Abilities, Weirdness & Mutations

You have temporarily grown beastly horns and talons.
Your plain brown scales are hard. (AC +6)
You cannot fit into any form of body armour.
You are cold-blooded and may be slowed by cold attacks.


Message History

The wraith hits you but does no damage.
Aiming: Iceblast
Press: ? - help, Shift-Dir - straight line The mass of ice explodes!
The iceblast engulfs the wraith!
The wraith partially resists.
The wraith is moderately damaged.
The wraith hits you!
* * * LOW HITPOINT WARNING * * *
The wraith drains your vigour!
You feel as though you will be slow longer.
Aiming: Iceblast
Press: ? - help, Shift-Dir - straight line The mass of ice explodes!
The iceblast engulfs the wraith.
The wraith partially resists.
The wraith is heavily damaged.
Your horns disappear.
Your talons disappear.
The wraith closely misses you. x2
Aiming: Iceblast
Press: ? - help, Shift-Dir - straight line The mass of ice explodes!
The iceblast engulfs the wraith.
The wraith partially resists.
The wraith is severely damaged.
The wraith misses you.
Aiming: Iceblast
Press: ? - help, Shift-Dir - straight line The mass of ice explodes!
The iceblast engulfs the wraith!
The wraith partially resists.
The wraith is almost destroyed.
The now-empty wand crumbles to dust.
The wraith hits you but does no damage. The wraith hits you!
* * * LOW HITPOINT WARNING * * *
You are too injured to fight recklessly!
Casting: Beastly Appendage (safe; 3% risk of failure)
Confirm with . or Enter, or press ? or * to list all spells.
You grow a pair of large bovine horns.
Your feet morph into talons.
The wraith misses you.
You barely miss the wraith.
The wraith is almost destroyed.
The wraith closely misses you. The wraith hits you!
You die...

.........#.#.............#
.........................#
##..####.....####..####..#
+...# +...8...+ #... #..#
##..####.....####..####..#
.........................#
.........#.#.............#
##.......#+#.......####..#
'....8...# #...8@W..'?#..#
##.......###.......####..#
.........................#
....#.#..#.#..#.#........#
##..#'#..#'#..#'#..####..#
'...#.#..#.#..#.#...'.#..#
##..###..###..###..####..#
.........................#
.........................#


You could see a wraith.

Vanquished Creatures
  A bullfrog (D:3)
  An iguana (D:4)
  2 mummies (Ossuary)
  3 gnolls (D:3)
  7 adders
  An ufetubus (D:4)
  An adder skeleton (D:3)
  A worm (D:2)
  2 dart slugs
  5 orcs (D:4)
  5 endoplasms
  A giant cockroach (D:2)
  2 gnoll zombies (Ossuary)
  7 goblins
  4 hobgoblins
  3 jackals (D:3)
  3 quokkas
  7 ball pythons
  A bat (D:3)
  3 frilled lizards
  7 goblin zombies (Ossuary)
  2 hobgoblin zombies (Ossuary)
  9 kobolds
  A kobold zombie (Ossuary)
  3 rats
82 creatures vanquished.

Notes
Turn   | Place    | Note
-------+----------+-------------------------------------------
     0 | D:1      | fragbeetle the Draconian Transmuter began the quest for the
                  | Orb.
     0 | D:1      | Reached XP level 1. HP: 16/16 MP: 3/3
   343 | D:1      | Reached XP level 2. HP: 18/23 MP: 3/5
   902 | D:1      | Found a faded altar of an unknown god.
  1305 | D:2      | You fall into a shaft and drop 1 floor!
  1312 | D:3      | Reached XP level 3. HP: 28/28 MP: 4/6
  1418 | D:3      | Learned a level 3 spell: Spider Form
  1644 | D:2      | Found an ornate altar of the Wu Jian Council.
  1666 | D:2      | Reached XP level 4. HP: 20/36 MP: 7/7
  2819 | D:3      | Reached skill level 1 in Poison Magic
  2828 | D:3      | Reached XP level 5. HP: 10/41 MP: 8/8
  3440 | D:3      | Reached skill level 4 in Unarmed Combat
  3866 | D:4      | Found a sand-covered staircase.
  3873 | Ossuary  | Entered an ossuary
  3873 | Ossuary  | Noticed a wraith
  3873 | Ossuary  | Noticed a wraith
  3873 | Ossuary  | Noticed a wraith
  3981 | Ossuary  | Learned a level 4 spell: Ice Form
  3994 | Ossuary  | Reached XP level 6. HP: 49/50 MP: 8/10
  4247 | Ossuary  | Noticed a wraith
  4263 | Ossuary  | Slain by a wraith

Illustrated notes

Levels and vault maps discovered:
D:1:      saegor_arrival_miasma, layout_basic,
          dilly_ecumenical_altar_fadedgnrine
D:2:      layout_basic, basic_altar
D:3:      layout_rooms
D:4:      layout_cave_pools, enter_ossuary_2
Ossuary:  ossuary_kennysheep_city_of_the_dead

Skill      XL: |  1  2  3  4  5 |
---------------+----------------+-----
Dodging        | 2 |  2.5
Transmutations | 3 |  3.6
Fighting       | 2 |  2.5
Poison Magic   | 1 |  1.6
Unarmed Combat | 4 |  4.3
Spellcasting   | |  2.7
Ice Magic      | |  0.1

Action                   |  1- 3 |  4- 6 || total
-------------------------+-------+-------++-------
Melee: Unarmed           |   103 |   168 ||   271
       Kick              |    18 |    41 ||    59
       Tailslap          |     5 |    17 ||    22
       Headbutt          |     7 |    17 ||    24
       Punch             |       |     4 ||     4
 Cast: Beastly Appendage |    24 |    28 ||    52
Evoke: Wand              |       |     4 ||     4
 Stab: Sleeping          |     1 |       ||     1
Armor: Skin              |    27 |    43 ||    70
Dodge: Dodged            |    62 |   103 ||   165

Table legend: (Time is in decaauts)
 A = Elapsed time spent in this place.
 B = Non-inter-level travel time spent in this place.
 C = Inter-level travel time spent in this place.
 D = Time resting spent in this place.
 E = Time spent auto-exploring this place.
 F = Levels seen in this place.
 G = Mean time per level.
                   A        B        C        D        E       F      G
               +--------+--------+--------+--------+--------+-----+--------+
         Total |   4250 |   4188 |     62 |    751 |   2571 |   5 |  850.0 |
       Dungeon |   3859 |   3797 |     62 |    670 |   2395 |   4 |  964.8 |
       Ossuary |    391 |    391 |      0 |     81 |    176 |   1 |  391.0 |
               +--------+--------+--------+--------+--------+-----+--------+

Top non-repeatable levels by time:
     D:2: 1390 daAuts
     D:3: 1203 daAuts
     D:1: 1090 daAuts
 Ossuary: 391 daAuts
     D:4: 174 daAuts
